 Dungeon Crawl Stone Soup version 0.20-a0-208-g55166f7 (webtiles) character file.

146 deepsabbath the Firebug (level 5, 0/28 HPs)
             Began as a Deep Elf Fire Elementalist on Nov 25, 2016.
             Was an Initiate of Okawaru.
             Slain by an orc wizard
             ... wielding a +0 dagger
              (1 damage)
             ... on level 3 of the Dungeon.
             The game lasted 00:11:25 (4900 turns).

deepsabbath the Firebug (DEFE)                      Turns: 4900, Time: 00:11:25

Health: 0/28       AC:  8    Str:  4 (6)  XL:     5   Next: 7%
Magic:  11/11      EV: 11    Int: 18 (20) God:    Okawaru [......]
Gold:   122        SH:  0    Dex: 12 (15) Spells: 9/10 levels left

rFire  + . .     SeeInvis .     t - +0 flail
rCold  . . .     Gourm    .     x - +2 leather armour {rF+}
rNeg   . . .     Faith    .     (no shield)
rPois  .         Spirit   .     (no helmet)
rElec  .         Reflect  .     m - +0 cloak
rCorr  .         Harm     .     f - +0 pair of gloves
MR     .....                    y - +0 pair of boots
Stlth  ++........               h - amulet of magic regeneration
                                (no ring)
                                (no ring)

@: no status effects
A: no striking features
a: Renounce Religion


You were on level 3 of the Dungeon.
You worshipped Okawaru.
Okawaru was noncommittal.
You were near starving.

You visited 1 branch of the dungeon, and saw 3 of its levels.

You collected 122 gold pieces.

Inventory:

Hand Weapons
 i - a +0 mace
   (You found it on level 1 of the Dungeon)
 t - a +0 flail (weapon)
   (You found it on level 2 of the Dungeon)
Missiles
 j - 2 curare-tipped needles
 k - 2 tomahawks (quivered)
 l - 90 stones
Armour
 f - a +0 pair of gloves (worn)
   (You found it on level 1 of the Dungeon)
 m - a +0 cloak (worn)
   (You found it on level 1 of the Dungeon)
 x - a +2 leather armour of fire resistance (worn)
   (You found it on level 2 of the Dungeon)
 y - a +0 pair of boots (worn)
   (You found it on level 2 of the Dungeon)
Jewellery
 h - an amulet of magic regeneration (around neck)
   (You found it on level 1 of the Dungeon)
 n - an uncursed ring of fire {rF+, rC-}
   (You found it on level 1 of the Dungeon)
 v - an uncursed ring of ice {rC+, rF-}
   (You found it on level 2 of the Dungeon)
Scrolls
 w - 2 scrolls of fog
Potions
 q - a potion of degeneration {!q}
Books
 b - a book of Flames
Comestibles
 u - a meat ration {@e2}


   Skills:
 * Level 2.9 Maces & Flails
 + Level 2.3 Throwing
 - Level 2.4 Dodging
 - Level 2.4 Stealth
 - Level 3.0 Spellcasting
 - Level 1.1 Conjurations
 - Level 3.2 Fire Magic


You had 9 spell levels left.
You knew the following spells:

 Your Spells              Type           Power        Failure   Level  Hunger
a - Flame Tongue          Conj/Fire      ##...        14%         1    None


Dungeon Overview and Level Annotations

Branches:
Dungeon (3/15)

Altars:
Cheibriados
Okawaru

Annotations:
D:1 exclusion: gnoll


Message History

You see here a dagger.
The orc wizard gestures at you while chanting.
You are confused.
You bump into the rock wall.
You bump into the rock wall.
You feel less confused.
The orc wizard points at you and mumbles some strange words.
You resist with some effort.
As you read the scroll labeled NIHOCO WENIATE, it crumbles to dust.
You hear a loud clanging noise!
It was a scroll of noise.
Okay, then.
You aren't carrying any items that you can evoke.
Quiver which item? (- for none, * to show all) (? for menu, Esc to quit)
Quivering
k - 6 tomahawks for throwing.
Aim: an orc wizard, wielding a dagger and wearing a robe You throw a tomahawk.
The tomahawk closely misses the orc wizard.
Aim: an orc wizard, wielding a dagger and wearing a robe You throw a tomahawk.
The tomahawk completely misses the orc wizard.
The orc wizard casts a spell at you. The puff of flame hits you!
Aim: an orc wizard, wielding a dagger and wearing a robe You throw a tomahawk.
The tomahawk hits the orc wizard.
The orc wizard points at you and mumbles some strange words.
The magic dart hits you!
You take 6 damage, and have 16/28 hp.
MASSIVE DAMAGE!!
Aim: an orc wizard, wielding a dagger and wearing a robe (moderately wounded)
You throw a tomahawk.
The tomahawk barely misses the orc wizard.
The orc wizard points at you and mumbles some strange words.
You are confused.
You hit the orc wizard but do no damage.
The orc wizard mumbles some strange words.
The orc wizard flickers and vanishes!
Deactivating autopickup; reactivate with Ctrl-A.
You miss something.
You are near starving!
Something hits you but does no damage.
You closely miss something. Something hits you but does no damage.
You closely miss something. Something hits you but does no damage.
Something hits you.
You take 2 damage, and have 14/28 hp.
You bump into the rock wall.
You feel less confused.
You hear some strange, mumbled words.
You are confused.
You barely miss something. Something barely misses you.
You bump into the rock wall.
You hear some strange, mumbled words.
A magic dart appears from out of thin air!
The magic dart hits you!
You take 2 damage, and have 13/28 hp.
You completely miss something. Something hits you but does no damage.
You bump into the rock wall.
Something hits you but does no damage.
You bump into the rock wall.
Something hits you but does no damage.
You closely miss something.
You feel less confused. Something hits you but does no damage.
You miss something. Something hits you but does no damage.
Something completely misses you.
You miss something. Something hits you but does no damage.
You barely miss something.
You hear some strange, mumbled words.
You are confused.
You bump into the rock wall.
Something hits you.
You take 1 damage, and have 12/28 hp.
You bump into the rock wall.
Something hits you but does no damage.
Okay, then.
Okay, then.
You closely miss something. Something hits you but does no damage.
You closely miss something. Something hits you.
* * * LOW HITPOINT WARNING * * *
Something hits you but does no damage.
You take 5 damage, and have 7/28 hp.
You miss something.
You feel less confused. Something hits you but does no damage.
You closely miss something. Something hits you but does no damage.
You barely miss something. Something hits you but does no damage.
You miss something.
Something hits you but does no damage. x2
You hit something but do no damage. Something hits you but does no damage.
You barely miss something. Something hits you.
* * * LOW HITPOINT WARNING * * *
You take 3 damage, and have 4/28 hp.
As you read the scroll labeled ORUONOSKOWN, it crumbles to dust.
You feel blessed for a moment.
It was a scroll of remove curse.
Something hits you.
* * * LOW HITPOINT WARNING * * *
You take 2 damage, and have 2/28 hp.
As you read the scroll labeled PAM MALOUROSSA, it crumbles to dust.
You feel aware of your surroundings.
You sensed 1 altar.
It was a scroll of magic mapping.
Something hits you.
* * * LOW HITPOINT WARNING * * *
You take 1 damage, and have 1/28 hp.
You closely miss something. Something hits you but does no damage.
You barely miss something. Something hits you.
You die...

#.###.....#*#..#**,#
#.#*......# #..# *..
#.#*......# #..###.#
#.#*,.....# #....(..
#.#**...#.# #$.#....
#.# *#.##.# #.....##
#)# #.##.###.#.#...
#.####.##.##....####
#..@{(.)..(.........
######.##...........
#.#####...#(###
#..........(# #
#######.#>.## #.#($#
#.#(.#*** #.#.?.,,*
#.#.(##,*


There were no monsters in sight!

Vanquished Creatures
  An orc wizard (D:3)
  3 adders
  A gnoll (D:3)
  3 oozes
  A worm (D:2)
  3 dart slugs (D:2)
  2 leopard geckos
  2 orcs (D:3)
  A ball python (D:2)
  10 bats
  4 giant cockroaches
  3 hobgoblins
  A jackal (D:3)
  4 frilled lizards
  8 goblins
  9 kobolds
  6 rats
62 creatures vanquished.

Notes
Turn   | Place    | Note
-------+----------+-------------------------------------------
     0 | D:1      | deepsabbath the Deep Elf Fire Elementalist began the quest for the Orb.
     0 | D:1      | Reached XP level 1. HP: 10/10 MP: 6/6
   432 | D:1      | Reached skill level 1 in Maces & Flails
   435 | D:1      | Reached XP level 2. HP: 15/15 MP: 8/8
  1418 | D:2      | Reached XP level 3. HP: 15/19 MP: 9/9
  1420 | D:2      | Found an iron altar of Okawaru.
  1440 | D:2      | Reached skill level 2 in Maces & Flails
  1584 | D:2      | Became a worshipper of Warmaster Okawaru
  2058 | D:2      | Found a snail-covered altar of Cheibriados.
  2499 | D:2      | Reached skill level 1 in Throwing
  2631 | D:2      | Reached XP level 4. HP: 18/24 MP: 10/10
  3879 | D:3      | Reached skill level 2 in Throwing
  4099 | D:3      | Reached XP level 5. HP: 9/28 MP: 11/11
  4111 | D:3      | HP: 6/28 [orc/dagger (3)]
  4118 | D:3      | HP: 2/28 [orc/dagger (5)]
  4890 | D:3      | HP: 7/28 [something (5)]
  4896 | D:3      | HP: 4/28 [something (3)]
  4898 | D:3      | HP: 1/28 [something (1)]
  4900 | D:3      | Slain by an orc wizard

Vault maps used:
D:1:      denvon_arrival_waterhouse
D:2:      kennysheep_slug_shrine, okawaru_gym_becter, minmay_bisected
D:3:      kennysheep_goblin_castle, zin_scriptorium

Skill      XL: |  1  2  3  4 |
---------------+-------------+-----
Maces & Flails | 1 2 |  2.9
Throwing       | 1 2 |  2.3
Dodging        | |  2.4
Stealth        | |  2.4
Spellcasting   | |  3.0
Conjurations   | |  1.1
Fire Magic     | |  3.2

Action                   |  1- 3 |  4- 6 || total
-------------------------+-------+-------++-------
Melee: Club              |    21 |       ||    21
       Mace              |    44 |       ||    44
       Flail             |    83 |   161 ||   244
       Unarmed           |       |    16 ||    16
Throw: Tomahawk          |    13 |    18 ||    31
       Stone             |   157 |    94 ||   251
  Use: Potion            |       |     9 ||     9
       Scroll            |       |     5 ||     5
 Stab: Sleeping          |     2 |       ||     2
  Eat: Chunk             |     3 |     1 ||     4
       Pizza             |     1 |       ||     1
       Beef jerky        |     1 |       ||     1
       Bread ration      |       |     1 ||     1
Armor: Leather armour    |    67 |   106 ||   173
Dodge: Dodged            |   116 |    94 ||   210

Vault maps used:
D:1:      denvon_arrival_waterhouse
D:2:      kennysheep_slug_shrine, okawaru_gym_becter, minmay_bisected
D:3:      kennysheep_goblin_castle, zin_scriptorium

Table legend:
 A = Turns spent in this place as a percentage of turns spent in the entire game.
 B = Non-inter-level travel turns spent in this place as a percentage of non-inter-level travel turns spent in the entire game.
 C = Inter-level travel turns spent in this place as a percentage of turns spent in this place.
 D = Turns resting spent in this place as a percentage of non-inter-level travel turns spent in this place.
 E = Turns spent auto-exploring this place as a percentage of non-inter-level travel turns spent in this place.
 F = Non-inter-level travel turns spent in this place divided by the number of levels of this place that you've seen.
                   A       B       C       D       E      F
               +-------+-------+-------+-------+-------+----------------------
         Total | 100.0 | 100.0 |   0.6 |   3.6 |   6.4 | 483.0
       Dungeon | 100.0 | 100.0 |   0.6 |   3.6 |   6.4 | 483.0
               +-------+-------+-------+-------+-------+----------------------

Table legend:
 A = Kills in this place as a percentage of kills in entire the game.
 B = Kills by you in this place as a percentage of kills by you in the entire game.
 C = Kills by friends in this place as a percentage of kills by friends in the entire game.
 D = Other kills in this place as a percentage of other kills in the entire game.
 E = Experience gained in this place as a percentage of experience gained in the entire game.
 F = Experience gained in this place divided by the number of levels of this place that you have seen.
                   A       B       C       D       E      F
               +-------+-------+-------+-------+-------+----------------------
         Total | 100.0 | 100.0 |  -nan |  -nan | 100.0 |  69.7
       Dungeon | 100.0 | 100.0 |  -nan |  -nan | 100.0 |  69.7
               +-------+-------+-------+-------+-------+----------------------
